 Dungeon Crawl Stone Soup version 0.32-a0-32-g978bd804de (webtiles) character file.

Game seed: 12804836867543177456

37105 shadizar the Blocker (level 13, -4/106 HPs)
             Began as a Gnoll Fighter on Jan 20, 2024.
             Was a High Priest of Okawaru.
             Killed by divine providence
             ... invoked by a meliai
              (15 damage)
             ... on level 10 of the Dungeon.
             The game lasted 00:31:43 (15088 turns).

shadizar the Blocker (Gnoll Fighter)               Turns: 15088, Time: 00:31:44

Health: -4/106     AC: 38    Str: 26 (27) XL:     13   Next: 94%
Magic:  35/35      EV:  9    Int: 23      God:    Okawaru [*****.]
Gold:   211        SH: 22    Dex: 13 (14) Spells: 30/30 levels left

rFire   . . .        v - +10 spear "Spiderbane" {speed, Str+3 Dex+2}
rCold   . . .        t - +3 tower shield
rNeg    . . .        a - +8 orange crystal plate armour {Archmagi, Int+3 Clar}
rPois   .            (no helmet)
rElec   .            l - +1 cloak
rCorr   .            K - +2 pair of gloves
SInv    .            (no boots)
Will    .....        c - amulet "Helare" {^Fragile Regen+ MP+9 Str+4 Stlth+} Stlth
                     m - +6 ring of intelligence
HPRegen 1.17/turn    k - +6 ring of intelligence
MPRegen 0.24/turn

%: clarity, archmagi
@: heroic
A: fangs 1, strong nose, distributed training, deterioration 1
a: Renounce Religion, Heroism, Finesse, Duel


You were on level 10 of the Dungeon.
You worshipped Okawaru.
Okawaru was extremely pleased with you.
You visited 2 branches of the dungeon, and saw 12 of its levels.
You also visited: Ice Cave.

You collected 1072 gold pieces.
You spent 861 gold pieces at shops.

Inventory:

Hand Weapons
 h - a +4 whip of freezing
 v - the +10 spear "Spiderbane" (weapon) {speed, Str+3 Dex+2}
   (You found it on level 3 of the Dungeon)

   Str+3:     It affects your strength (+3).
   Dex+2:     It affects your dexterity (+2).
 A - a +4 vampiric mace
 M - a +1 demon whip of freezing
Armour
 a - the +8 orange crystal plate armour (worn) {Archmagi, Int+3 Clar}
   (You acquired it on level 5 of the Dungeon)

   Int+3:     It affects your intelligence (+3).
   Clar:      It protects you from confusion, rage, mesmerisation and fear.
 l - a +1 cloak (worn)
 t - a +3 tower shield (worn)
 x - the +2 ring mail of Ru's Pride {^Contam rElec Regen+ Dex+3}
   (You found it on level 3 of the Dungeon)

   Dex+3:     It affects your dexterity (+3).
   rElec:     It insulates you from electricity.
   ^Contam:   It causes magical contamination when unequipped.
   Regen+:    It increases your rate of health regeneration.
 D - a scarf of invisibility
 K - a +2 pair of gloves (worn)
Magical Staves
 g - a staff of cold
Jewellery
 c - the amulet "Helare" (around neck) {^Fragile Regen+ MP+9 Str+4 Stlth+}
   (You bought it in a shop on level 5 of the Dungeon)

   [amulet of regeneration]

   Str+4:     It affects your strength (+4).
   MP+9:      It affects your magic capacity (+9).
   Regen+:    It increases your rate of health regeneration.
   ^Fragile:  It will be destroyed if unequipped.
   Stlth+:    It makes you more stealthy.
 k - a +6 ring of intelligence (right hand)
 m - a +6 ring of intelligence (left hand)
 n - a ring of wizardry
 r - a ring of fire
 w - an amulet of reflection
 B - a ring of poison resistance
Wands
 i - a wand of mindburst (8)
 y - a wand of paralysis (26)
 z - a wand of iceblast (12)
 C - a wand of polymorph (18)
 G - a wand of flame (35)
 J - a wand of quicksilver (6)
Scrolls
 e - 3 scrolls of fear
 o - a scroll of enchant armour
 u - 6 scrolls of teleportation
 I - a scroll of identify
Potions
 b - 3 potions of cancellation
 d - 2 potions of might
 f - 5 potions of curing
 j - a potion of haste
 p - a potion of brilliance
 E - a potion of resistance {unknown}
 F - a potion of enlightenment {unknown}
 H - 2 potions of lignification {unknown}
Miscellaneous
 L - a phial of floods


   Skills:
 + Level 11.1(16.1) Fighting
 + Level 9.0(14.0) Short Blades
 + Level 9.0(14.0) Long Blades
 + Level 9.0(14.0) Axes
 + Level 10.2(15.2) Maces & Flails
 + Level 9.0(14.0) Polearms
 + Level 9.0(14.0) Staves
 + Level 9.0(14.0) Ranged Weapons
 + Level 9.0(14.0) Throwing
 + Level 11.1(16.1) Armour
 + Level 9.0(14.0) Dodging
 + Level 9.0(14.0) Stealth
 + Level 11.1(16.1) Shields
 + Level 9.0(14.0) Unarmed Combat
 + Level 9.0 Spellcasting
 + Level 7.5 Conjurations
 + Level 7.5 Hexes
 + Level 7.5 Summonings
 + Level 7.5 Necromancy
 + Level 7.5 Translocations
 + Level 7.5 Fire Magic
 + Level 7.5 Ice Magic
 + Level 7.5 Air Magic
 + Level 7.5 Earth Magic
 + Level 7.5 Alchemy
 + Level 9.9 Invocations
 + Level 9.0 Evocations
 + Level 8.3 Shapeshifting


You had 30 spell levels left.
You didn't know any spells.
Your spell library contained the following spells:

 Spells                   Type           Power      Damage    Failure   Level
 Necrotise                Necr           100%       1d9       12%         1
 Sandblast                Erth           100%       2d20      12%         1
 Cigotuvi's Dreadful Rot  Necr/Alch/Air  100%       N/A       19%         2
 Static Discharge         Conj/Air       100%       3-8/arc   19%         2
 Frozen Ramparts          Ice            100%       1d16      36%         3
 Fugue of the Fallen      Necr           61%        N/A       36%         3
 Hailstorm                Conj/Ice       61%        3d11      36%         3
 Ozocubu's Armour         Ice            61%        N/A       36%         3
 Passwall                 Erth           61%        N/A       36%         3
 Sigil of Binding         Hex            61%        N/A       36%         3
 Stone Arrow              Conj/Erth      100%       3d13      36%         3
 Vampiric Draining        Necr           61%        2d10      36%         3
 Volatile Blastmotes      Fire/Tloc      100%       2d18      36%         3
 Airstrike                Air            30%        2d(5-21)  77%         4
 Brom's Barrelling Bould  Conj/Erth      61%        2d8       77%         4
 Dimensional Bullseye     Hex/Tloc       30%        N/A       77%         4
 Fulminant Prism          Conj/Alch      30%        3d16      77%         4
 Ignite Poison            Fire/Alch      61%        N/A       77%         4
 Iskenderun's Mystic Bla  Conj/Tloc      61%        2d13      77%         4
 Leda's Liquefaction      Alch/Erth      30%        N/A       77%         4
 Manifold Assault         Tloc           61%        N/A       77%         4
 Passage of Golubria      Tloc           61%        N/A       77%         4
 Petrify                  Alch/Erth      61%        N/A       77%         4
 Curse of Agony           Necr           61%        N/A       98%         5
 Freezing Cloud           Conj/Ice/Air   30%        6-21      98%         5
 Metabolic Englaciation   Hex/Ice        30%        N/A       98%         5
 Yara's Violent Unravell  Hex/Alch       30%        3d13      98%         5
 Call Canine Familiar     Summ           Unusable   N/A       N/A         3
 Summon Ice Beast         Ice/Summ       Unusable   N/A       N/A         3
 Tukima's Dance           Hex            Unusable   N/A       N/A         3
 Martyr's Knell           Necr/Summ      Unusable   N/A       N/A         4
 Summon Lightning Spire   Summ/Air       Unusable   N/A       N/A         4
 Sculpt Simulacrum        Ice/Alch       Unusable   N/A       N/A         6

Dungeon Overview and Level Annotations

Branches:
Dungeon (10/15)            Temple (0/1) D:7             Orc (2/2) D:9
    Elf (0/3) Orc:2         IceCv (visited)
   Lair: D:8-11

Altars:
Ashenzari
Cheibriados
Fedhas
Hepliaklqana
Okawaru
Qazlal
Ru
Sif Muna
Trog
Uskayaw

Shops:
D:3 (   D:5 !(:=   D:7 [   Orc:2 :*??

Annotations:
D:10 Grum


Innate Abilities, Weirdness & Mutations

You have very sharp teeth.
Your uncanny sense of smell can sniff out nearby items.
Your experience applies equally to all skills.
Your body sometimes deteriorates upon taking damage.


Message History

Something smites you!
* * * LOW HITPOINT WARNING * * *
The meliai mumbles some strange prayers to its god against you.
Something smites you!
* * * LOW HITPOINT WARNING * * *
The meliai mumbles some strange prayers to its god against you.
Something smites you!
* * * LOW HITPOINT WARNING * * *
There is a stone staircase leading up here.
Unknown command.
Okay, then.
Okay, then.
You barely miss the meliai. You block the meliai's attack. x4
You puncture the meliai! You bite the meliai, but do no damage.
The meliai is heavily wounded.
You block the meliai's attack. x2
You puncture the meliai! Your bite misses the meliai.
The meliai is almost dead.
You block the meliai's attack. x4
You puncture the meliai!
You kill the meliai!
Okawaru accepts your kill.
You puncture the meliai!
You kill the meliai!
Okawaru accepts your kill. The meliai hits you but does no damage.
The meliai stings you but does no damage.
You completely miss the meliai. The meliai hits you but does no damage.
The meliai stings you but does no damage.
You closely miss the meliai. You block the meliai's attack. x2
Grum points his finger and growls, "Attack!"
You barely miss the meliai. You bite the meliai.
The meliai is lightly wounded.
The meliai hits you but does no damage.
The meliai stings you but does no damage.
You puncture the meliai!
The meliai is heavily wounded.
The meliai mumbles some strange prayers to its god against you.
Something smites you!
You die...

###...# #.. ∆ ∆#.... .. ...#
#.....###.#.
...#..#∆+..84.+∆#...
#.#..###.....###...
.....#∆.....∆#....
##...###.oo###.#..
#.....###>###..... ########
##@.#....###...#..#
..##......###y)..............##
...........g.#.#.#######.#...#
###.....#####...# #.###..
##.....#####..#### #.# ##
##..>.###.........# #.# #.....#
#.........# #.#
##....#§###............ ..#
.....##.y.#............. ##


You could see Grum and a meliai.

Vanquished Creatures
  Jorgrun (Orc:2)
  4 orc warlords (Orc:2)
  2 ettins (Orc:1)
  A boulder beetle (D:10)
  3 two-headed ogres
  5 orc high priests (Orc:2)
  A bog body (IceCv)
  5 orc knights (Orc:2)
  A necromancer (IceCv)
  5 orc sorcerers (Orc:2)
  2 meliai (D:10)
  2 ice statues (IceCv)
  8 kobold blastminers
  An unseen horror (D:6)
  Maggie (D:7)
  A freezing wraith (IceCv)
  An anaconda simulacrum (IceCv)
  4 ice devils (IceCv)
  7 trolls
  Sigmund (D:2)
  2 dire elephant simulacra (IceCv)
  8 yaks
  Eustachio (D:4)
  2 wargs
  2 steam dragons
  5 harpy simulacra (IceCv)
  2 hydra simulacra (IceCv)
  2 water moccasins
  40 orc warriors
  An ice beast (D:6)
  A black bear (D:7)
  3 sky beasts
  16 ogres
  2 wolves (D:10)
  2 phantoms
  5 centaurs
  Blork the orc (D:4)
  4 bullfrogs
  5 scorpions
  A cane toad simulacrum (Orc:1)
  A two-headed ogre simulacrum (Orc:1)
  16 wights
  An elephant simulacrum (IceCv)
  4 howler monkeys
  2 hounds
  A bombardier beetle (D:6)
  33 orc priests
  2 jellies
  A sleepcap (D:7)
  Jessica (D:2)
  5 iguanas
  17 orc wizards
  Ijyb (D:4)
  Natasha (thrice) (D:4)
  3 polar bear simulacra
  3 spriggan simulacra
  2 troll simulacra (IceCv)
  3 gnolls (D:5)
  5 adders
  3 naga simulacra
  A shadow imp (D:5)
  2 white imps
  2 ufetubi (D:7)
  4 dart slugs
  5 ribbon worms
  91 orcs
  6 endoplasms
  6 giant cockroaches
  7 goblins
  4 hobgoblins
  7 kobolds
  2 quokkas
  4 ball pythons
  A bat (D:3)
  4 frilled lizards
  4 rats
418 creatures vanquished.

Vanquished Creatures (others)
  An orc wizard (Orc:2)
1 creature vanquished.

Grand Total: 419 creatures vanquished

Notes
Turn   | Place    | Note
-------+----------+-------------------------------------------
     0 | D:1      | shadizar the Gnoll Fighter began the quest for the Orb.
     0 | D:1      | Reached XP level 1. HP: 23/23 MP: 1/1
   183 | D:1      | Found a faded altar of an unknown god.
   233 | D:1      | Reached XP level 2. HP: 29/29 MP: 2/2
   985 | D:2      | Reached XP level 3. HP: 32/35 MP: 3/3
  1198 | D:2      | Noticed Jessica
  1214 | D:2      | Killed Jessica
  1215 | D:2      | Reached skill level 1 in Short Blades
  1215 | D:2      | Reached skill level 1 in Long Blades
  1215 | D:2      | Reached skill level 1 in Axes
  1215 | D:2      | Reached skill level 1 in Polearms
  1215 | D:2      | Reached skill level 1 in Staves
  1215 | D:2      | Reached skill level 1 in Ranged Weapons
  1215 | D:2      | Reached skill level 1 in Throwing
  1215 | D:2      | Reached skill level 1 in Dodging
  1215 | D:2      | Reached skill level 1 in Stealth
  1215 | D:2      | Reached skill level 1 in Unarmed Combat
  1215 | D:2      | Reached skill level 1 in Spellcasting
  1215 | D:2      | Reached skill level 1 in Invocations
  1215 | D:2      | Reached skill level 1 in Evocations
  1282 | D:2      | Noticed Sigmund
  1457 | D:3      | Reached skill level 1 in Shapeshifting
  1457 | D:3      | Reached XP level 4. HP: 40/41 MP: 5/5
  1532 | D:3      | Identified the +10 spear "Spiderbane" {speed, Str+3 Dex+2}
  1563 | D:3      | Reached skill level 1 in Conjurations
  1563 | D:3      | Reached skill level 1 in Hexes
  1563 | D:3      | Reached skill level 1 in Summonings
  1563 | D:3      | Reached skill level 1 in Necromancy
  1563 | D:3      | Reached skill level 1 in Translocations
  1563 | D:3      | Reached skill level 1 in Fire Magic
  1563 | D:3      | Reached skill level 1 in Ice Magic
  1563 | D:3      | Reached skill level 1 in Air Magic
  1563 | D:3      | Reached skill level 1 in Earth Magic
  1563 | D:3      | Reached skill level 1 in Alchemy
  1629 | D:3      | Found Yzuosuk's Antique Weapon Emporium.
  1687 | D:3      | Found a bloodstained altar of Trog.
  1692 | D:3      | Identified the +2 ring mail of Ru's Pride {^Contam rElec
                  | Regen+ Dex+3}
  1713 | D:3      | Found a sacrificial altar of Ru.
  1716 | D:3      | Found a snail-covered altar of Cheibriados.
  1783 | D:3      | Found a broken altar of Ashenzari.
  1804 | D:3      | Reached XP level 5. HP: 47/47 MP: 7/7
  1962 | D:3      | Found an iron altar of Okawaru.
  1979 | D:3      | Became a worshipper of Warmaster Okawaru
  2101 | D:4      | Noticed Natasha
  2111 | D:4      | Killed Natasha
  2122 | D:4      | Noticed Ijyb
  2128 | D:4      | Killed Ijyb
  2129 | D:4      | Reached XP level 6. HP: 40/53 MP: 8/8
  2134 | D:4      | Noticed Natasha
  2137 | D:4      | Killed Natasha
  2138 | D:4      | Reached skill level 5 in Maces & Flails
  2162 | D:4      | Noticed an orc warrior
  2175 | D:4      | Killed an orc warrior
  2175 | D:4      | Reached * piety under Okawaru
  2283 | D:4      | Noticed Eustachio
  2296 | D:4      | Killed Eustachio
  2297 | D:4      | Reached XP level 7. HP: 52/60 MP: 10/10
  2371 | D:4      | Noticed Blork the orc
  2376 | D:4      | Killed Blork the orc
  2376 | D:4      | Reached ** piety under Okawaru
  2608 | D:4      | Noticed Natasha
  2611 | D:4      | Killed Natasha
  2863 | D:2      | Killed Sigmund
  2864 | D:2      | Reached XP level 8. HP: 67/67 MP: 12/12
  3057 | D:5      | Entered Level 5 of the Dungeon
  3073 | D:5      | Found Osefyf's Weapon Emporium.
  3181 | D:5      | Found a stormy altar of Qazlal.
  3189 | D:5      | Found Boloh's Distillery.
  3257 | D:5      | Reached *** piety under Okawaru
  3285 | D:5      | Found Yhuc's Book Boutique.
  3503 | D:5      | Found Ennuane's Jewellery Emporium.
  3761 | D:5      | Found a hazy altar of Hepliaklqana.
  3914 | D:5      | Identified a scroll of acquirement
  3914 | D:5      | Acquired the +8 orange crystal plate armour {Archmagi,
                  | Int+3 Clar}
  3914 | D:5      | Found the +8 orange crystal plate armour {Archmagi, Int+3
                  | Clar}
  3975 | D:5      | Gained mutation: Your body sometimes deteriorates upon
                  | taking damage. [mutagenic glow]
  4077 | D:6      | Reached XP level 9. HP: 73/73 MP: 14/14
  4625 | D:6      | You fall into a shaft and drop 3 floors!
  4661 | D:9      | Reached **** piety under Okawaru
  5111 | D:6      | Reached skill level 5 in Invocations
  5432 | D:7      | Found a blossoming altar of Fedhas.
  5489 | D:6      | Killed an unseen horror
  5832 | D:6      | Reached skill level 5 in Short Blades
  5832 | D:6      | Reached skill level 5 in Long Blades
  5832 | D:6      | Reached skill level 5 in Axes
  5832 | D:6      | Reached skill level 5 in Polearms
  5832 | D:6      | Reached skill level 5 in Staves
  5832 | D:6      | Reached skill level 5 in Ranged Weapons
  5832 | D:6      | Reached skill level 5 in Throwing
  5832 | D:6      | Reached skill level 5 in Dodging
  5832 | D:6      | Reached skill level 5 in Stealth
  5832 | D:6      | Reached skill level 5 in Unarmed Combat
  5832 | D:6      | Reached skill level 5 in Spellcasting
  5832 | D:6      | Reached skill level 5 in Evocations
  5832 | D:6      | Reached XP level 10. HP: 81/81 MP: 17/17
  5954 | D:7      | Noticed Maggie
  5955 | D:7      | Found a staircase to the Ecumenical Temple.
  5957 | D:7      | Found Sualeakk's Armour Boutique.
  5973 | D:7      | Killed Maggie
  6209 | D:7      | Reached ***** piety under Okawaru
  7316 | D:9      | Found a staircase to the Orcish Mines.
  7333 | D:9      | Reached skill level 5 in Shapeshifting
  7803 | D:9      | Found a shimmering blue altar of Sif Muna.
  8058 | Orc:1    | Entered Level 1 of the Orcish Mines
  8068 | Orc:1    | Noticed an ettin
  8085 | Orc:1    | Killed an ettin
  8085 | Orc:1    | Received a gift from Okawaru
  8086 | Orc:1    | Reached skill level 5 in Conjurations
  8086 | Orc:1    | Reached skill level 5 in Hexes
  8086 | Orc:1    | Reached skill level 5 in Summonings
  8086 | Orc:1    | Reached skill level 5 in Necromancy
  8086 | Orc:1    | Reached skill level 5 in Translocations
  8086 | Orc:1    | Reached skill level 5 in Fire Magic
  8086 | Orc:1    | Reached skill level 5 in Ice Magic
  8086 | Orc:1    | Reached skill level 5 in Air Magic
  8086 | Orc:1    | Reached skill level 5 in Earth Magic
  8086 | Orc:1    | Reached skill level 5 in Alchemy
  8086 | Orc:1    | Reached XP level 11. HP: 88/89 MP: 17/20
  8108 | Orc:1    | Noticed a two-headed ogre
  8137 | Orc:1    | Killed a two-headed ogre
  8165 | Orc:1    | Found a frozen archway.
  8242 | Orc:1    | Noticed an ettin
  8268 | Orc:1    | Killed an ettin
  8268 | Orc:1    | Received a gift from Okawaru
  8310 | IceCv    | Entered an ice cave
  9636 | IceCv    | Noticed a bog body
  9636 | IceCv    | Noticed a necromancer
  9644 | IceCv    | Killed a bog body
  9645 | IceCv    | Reached XP level 12. HP: 97/97 MP: 20/22
 10066 | Orc:2    | Entered Level 2 of the Orcish Mines
 10210 | Orc:2    | Received a gift from Okawaru
 10312 | Orc:2    | Noticed Jorgrun
 10343 | Orc:2    | Killed Jorgrun
 10343 | Orc:2    | Received a gift from Okawaru
 10344 | Orc:2    | Reached skill level 10 in Fighting
 10344 | Orc:2    | Reached skill level 10 in Armour
 10344 | Orc:2    | Reached skill level 10 in Shields
 10769 | Orc:2    | Noticed an orc warlord
 10769 | Orc:2    | Noticed a two-headed ogre
 10804 | Orc:2    | Killed an orc warlord
 10824 | Orc:2    | Killed a two-headed ogre
 11073 | Orc:2    | Found Zilam's Magic Scroll Boutique.
 11248 | Orc:2    | Found Besiuseg's Magic Scroll Shop.
 11269 | Orc:2    | Received a gift from Okawaru
 11291 | Orc:2    | Noticed an orc warlord
 11319 | Orc:2    | Killed an orc warlord
 11320 | Orc:2    | Reached XP level 13. HP: 56/104 MP: 25/25
 12100 | Orc:2    | Noticed an orc warlord
 12147 | Orc:2    | Killed an orc warlord
 12639 | Orc:2    | Found a staircase to the Elven Halls.
 12964 | Orc:2    | Noticed an orc warlord
 13041 | Orc:2    | Killed an orc warlord
 13071 | Orc:2    | Received a gift from Okawaru
 13652 | Orc:2    | Reached skill level 10 in Maces & Flails
 13859 | Orc:2    | Found Sufosoev's Assorted Antiques.
 13934 | Orc:2    | Found Omnaducax's Book Shop.
 14687 | D:5      | Bought the amulet "Helare" {^Fragile Regen+ MP+9 Str+4
                  | Stlth+} for 861 gold pieces
 14812 | D:10     | Entered Level 10 of the Dungeon
 14969 | D:10     | Found a hide-covered altar of Uskayaw.
 15053 | D:10     | Noticed Grum
 15078 | D:10     | HP: 5/106 [meliai/divine providence (12)]
 15088 | D:10     | Killed from afar by a meliai

Illustrated notes

Levels and vault maps discovered:
D:1:      dpeg_arrival_tiny_k, layout_basic, basic_ecumenical_altar,
          chequers_serial_rivers_large_a, nicolae_kite_square_tiling_tiny,
          due_unseen_surprise
D:2:      minmay_inner_zag, layout_loops_ring, uniq_sigmund, uniq_jessica
D:3:      layout_rooms, okawaru_ov_weapons_minmay,
          nicolae_overflow_crystal_walls, minmay_overflow_temple_star_quad,
          serial_shops, nicolae_shop_stone, kennysheep_generic_room_14
D:4:      layout_loops_cross, nicolae_wormholes, uniq_ijyb, uniq_natasha,
          uniq_blork_the_orc, uniq_eustachio
D:5:      layout_gridville, nicolae_hepliaklqana_hippocampus,
          nicolae_qazlal_scattered_showers, serial_shops,
          nicolae_shop_tiny_glass, shop, nicolae_shop_pleasant_corner_grove,
          shop
D:6:      minmay_razor_zed, layout_basic, minmay_misc_feat_columns
D:7:      layout_basic, old_standard_altar, minmay_temple_entry_mini_moons,
          serial_shops, shop, st_stairs_9, uniq_maggie
D:8:      layout_basic
D:9:      layout_loops_ring, kennysheep_little_box,
          minmay_orc_entry_temple_small
D:10:     cheibrodos_iron_armory, layout_rooms,
          yredelemnul_forgotten_temple_becter, marbit_many_paths,
          lemuel_tele_altar, uniq_grum
Orc:1:    layout_caves, basic_altar, portal_ice_cave_entry_ice_simulacra
Orc:2:    pubby_orc_utopia, serial_shops, uniq_jorgrun

Skill      XL: |  1  2  3  4  5  6  7  8  9 10 11 12 13 |
---------------+----------------------------------------+-----
Short Blades   | 1 2 3 5 6 7 8 9 |  9.0
Long Blades    | 1 2 3 5 6 7 8 9 |  9.0
Axes           | 1 2 3 5 6 7 8 9 |  9.0
Polearms       | 1 2 3 5 6 7 8 9 |  9.0
Staves         | 1 2 3 5 6 7 8 9 |  9.0
Ranged Weapons | 1 2 3 5 6 7 8 9 |  9.0
Throwing       | 1 2 3 5 6 7 8 9 |  9.0
Dodging        | 1 2 3 5 6 7 8 9 |  9.0
Stealth        | 1 2 3 5 6 7 8 9 |  9.0
Unarmed Combat | 1 2 3 5 6 7 8 9 |  9.0
Spellcasting   | 1 2 3 5 6 7 8 9 |  9.0
Invocations    | 1 2 3 4 5 6 7 8 9 |  9.9
Evocations     | 1 2 3 5 6 7 8 9 |  9.0
Shapeshifting  | 1 2 3 4 5 6 7 8 |  8.3
Conjurations   | 1 2 3 4 5 6 7 |  7.5
Hexes          | 1 2 3 4 5 6 7 |  7.5
Summonings     | 1 2 3 4 5 6 7 |  7.5
Necromancy     | 1 2 3 4 5 6 7 |  7.5
Translocations | 1 2 3 4 5 6 7 |  7.5
Fire Magic     | 1 2 3 4 5 6 7 |  7.5
Ice Magic      | 1 2 3 4 5 6 7 |  7.5
Air Magic      | 1 2 3 4 5 6 7 |  7.5
Earth Magic    | 1 2 3 4 5 6 7 |  7.5
Alchemy        | 1 2 3 4 5 6 7 |  7.5
Maces & Flails | 5 6 7 8 9 10 | 10.2
Fighting       | 7 8 9 10 11 | 11.1
Armour         | 7 8 9 10 11 | 11.1
Shields        | 7 8 9 10 11 | 11.1

Action                     |  1- 3 |  4- 6 |  7- 9 | 10-12 | 13-15 || total
---------------------------+-------+-------+-------+-------+-------++-------
  Melee: Flail             |    66 |    14 |       |       |       ||    80
         Bite              |     7 |     9 |    34 |   141 |   106 ||   297
         Spear             |       |    88 |   271 |  1010 |   754 ||  2123
 Invoke: Heroism           |       |       |       |    14 |     7 ||    21
    Use: Scroll            |       |       |    16 |     7 |     2 ||    25
         Potion            |       |       |       |       |     3 ||     3
   Stab: Sleeping          |       |     1 |     1 |       |       ||     2
 Armour: Scale mail        |    52 |    27 |       |       |       ||    79
         Ring mail         |       |    20 |    20 |       |       ||    40
         Crystal plate arm |       |       |   147 |   242 |   188 ||   577
  Dodge: Dodged            |    36 |    20 |    22 |    40 |    46 ||   164
  Block: Buckler           |    23 |     2 |       |       |       ||    25
         Tower shield      |       |    41 |   147 |   626 |   475 ||  1289
         Reflection        |       |       |       |    33 |    26 ||    59

Table legend: (Time is in decaauts)
 A = Elapsed time spent in this place.
 B = Non-inter-level travel time spent in this place.
 C = Inter-level travel time spent in this place.
 D = Time resting spent in this place.
 E = Time spent auto-exploring this place.
 F = Levels seen in this place.
 G = Mean time per level.
                   A        B        C        D        E       F      G
               +--------+--------+--------+--------+--------+-----+--------+
         Total |  14447 |  13672 |    775 |      0 |   9795 |  13 | 1111.3 |
       Dungeon |   8501 |   7749 |    752 |      0 |   6064 |  10 |  850.1 |
  Orcish Mines |   4600 |   4578 |     22 |      0 |   2728 |   2 | 2300.0 |
      Ice Cave |   1345 |   1345 |      0 |      0 |   1003 |   1 | 1345.0 |
               +--------+--------+--------+--------+--------+-----+--------+

Top non-repeatable levels by time:
   Orc:2: 3871 daAuts
     D:6: 1379 daAuts
   IceCv: 1345 daAuts
     D:5: 1068 daAuts
     D:7: 1039 daAuts
     D:2: 1039 daAuts
     D:9: 945 daAuts
     D:8: 751 daAuts
     D:1: 738 daAuts
   Orc:1: 729 daAuts
     D:4: 702 daAuts
     D:3: 602 daAuts
    D:10: 235 daAuts
